 Dungeon Crawl Stone Soup version 0.28.0-53-g5a82cb258f (webtiles) character file.

Game seed: 2001587527020840569

316200 maxinsky the Impaler (level 20, -28/180 HPs)
             Began as a Minotaur Fighter on July 20, 2022.
             Was the Champion of Okawaru.
             Splashed with acid (37 damage)
             ... on level 1 of the Pits of Slime on July 22, 2022.
             The game lasted 04:58:52 (35828 turns).

maxinsky the Impaler (Minotaur Fighter)            Turns: 35828, Time: 04:58:53

Health: -28/180    AC: 42    Str: 26    XL:     20   Next: 52%
Magic:  25/25      EV:  6    Int:  5    God:    Okawaru [******]
Gold:   2046       SH:  0    Dex: 14    Spells: 19/19 levels left

rFire   + + .      SeeInvis .   A - +8 demon trident of Foobbeo {pain, rF+}
rCold   + + .      Faith    .   m - +2 tower shield {AC+3}
rNeg    . . .      Spirit   .   o - +9 plate armour "Cofen" {rC+}
rPois   +          Reflect  .   (helmet restricted)
rElec   .          Harm     .   E - +1 cloak {Will+}
rCorr   .          Rampage  +   O - +1 pair of gloves "Luerhekov" {Rampage rF+ rC+ Regen+}
Will    ++...                   d - +2 pair of boots {rampage}
Stlth   ..........              G - amulet of regeneration
HPRegen 2.00/turn               W - ring of poison resistance
MPRegen 0.19/turn               V - +4 ring of protection

@: confused, ambrosia-drunk, studying Dodging
A: horns 2, retaliatory headbutt
}: 2/15 runes: decaying, serpentine
a: Renounce Religion, Heroism, Finesse, Duel


You were on level 1 of the Pits of Slime.
You worshipped Okawaru.
Okawaru was exalted by your worship.
You visited 6 branches of the dungeon, and saw 31 of its levels.
You also visited: Sewer.

You collected 2142 gold pieces.
You spent 96 gold pieces at shops.

Inventory:

Hand Weapons
 w - a +6 spear of flaming
 A - the +8 demon trident of Foobbeo (weapon) {pain, rF+}
   (Okawaru gifted it to you on level 4 of the Swamp)

   In the hands of one skilled in necromantic magic, it inflicts extra damage on
   living creatures.
   rF:        It protects you from fire.
 D - a +2 trident of venom
Missiles
 g - 2 throwing nets
 i - 44 poisoned darts
 B - 7 datura-tipped darts
 J - 8 javelins
 K - 18 silver javelins (quivered)
 N - 4 atropa-tipped darts
Armour
 d - a +2 pair of boots of rampaging (worn)
 m - a +2 tower shield of protection (worn)
 o - the +9 plate armour "Cofen" (worn) {rC+}
   (Okawaru gifted it to you on level 3 of the Snake Pit)

   rC:        It protects you from cold.
 E - a +1 cloak of willpower (worn)
 O - the +1 pair of gloves "Luerhekov" (worn) {Rampage rF+ rC+ Regen+}
   (Okawaru gifted it to you on level 3 of the Lair of Beasts)

   rF:        It protects you from fire.
   rC:        It protects you from cold.
   Regen:     It increases your rate of health regeneration.
   Rampage:   It bestows one free step when moving towards enemies.
Jewellery
 c - a ring of fire
 t - a ring of flight
 G - an amulet of regeneration (around neck)
 V - a +4 ring of protection (right hand)
 W - a ring of poison resistance (left hand)
Wands
 a - a wand of paralysis (11)
 f - a wand of flame (2)
 x - a wand of polymorph (31)
 C - a wand of acid (25)
 H - a wand of iceblast (18)
 M - a wand of digging (18)
 Q - a wand of mindburst (11)
Scrolls
 j - 3 scrolls of magic mapping
 l - 4 scrolls of holy word
 s - 2 scrolls of fear
 u - 5 scrolls of fog
 v - 11 scrolls of teleportation
 F - 2 scrolls of blinking
 I - a scroll of brand weapon
 T - 2 scrolls of silence {unknown}
Potions
 b - 5 potions of flight
 e - 4 potions of brilliance
 h - a potion of lignification
 n - 4 potions of berserk rage
 p - 5 potions of might
 q - 6 potions of cancellation
 z - a potion of magic {unknown}
 P - a potion of haste
 R - 2 potions of ambrosia
 S - 2 potions of resistance {unknown}
 Z - a potion of attraction {unknown}


   Skills:
 - Level 16.0 Fighting
 + Level 20.6 Polearms
 - Level 15.0 Throwing
 - Level 16.0 Armour
 - Level 18.0 Shields
 - Level 8.0 Invocations
 - Level 5.0 Evocations


You had 19 spell levels left.
You didn't know any spells.
Your spell library contained the following spells:

 Spells                   Type           Power      Damage    Failure   Level
 Sublimation of Blood     Necr           0%         N/A       100%        2
 Wereblood                Tmut           0%         N/A       100%        2
 Conjure Flame            Conj/Fire      0%         6-21      100%        3
 Gell's Gravitas          Tloc           0%         N/A       100%        3
 Ignite Poison            Fire/Tmut/Pois 0%         N/A       100%        3
 Ozocubu's Armour         Ice            0%         N/A       100%        3
 Portal Projectile        Hex/Tloc       0%         N/A       100%        3
 Teleport Other           Tloc           0%         N/A       100%        3
 Leda's Liquefaction      Hex/Erth       0%         N/A       100%        4
 Sticky Flame             Conj/Fire      0%         2d3       100%        4
 Blade Hands              Tmut           0%         N/A       100%        5
 Metabolic Englaciation   Hex/Ice        0%         N/A       100%        5
 Conjure Ball Lightning   Conj/Air       0%         3x3d6     100%        6
 Dispersal                Tloc           0%         N/A       100%        6
 Iron Shot                Conj/Erth      0%         9d1       100%        6
 Storm Form               Tmut/Air       0%         N/A       100%        7
 Discord                  Hex            0%         N/A       100%        8
 Disjunction              Tloc           0%         N/A       100%        8
 Maxwell's Capacitive Co  Air            0%         ∞         100%        8
 Call Canine Familiar     Summ           Unusable   N/A       N/A         3
 Animate Armour           Summ/Erth      Unusable   N/A       N/A         4
 Summon Lightning Spire   Summ/Air       Unusable   N/A       N/A         4
 Simulacrum               Ice/Necr       Unusable   N/A       N/A         6
 Summon Hydra             Summ           Unusable   N/A       N/A         7

Dungeon Overview and Level Annotations

Branches:
Dungeon (15/15)            Temple (1/1) D:5            Lair (6/6) D:11
  Swamp (4/4) Lair:2        Snake (4/4) Lair:4        Slime (1/5) Lair:6
    Orc (0/2) D:11         Vaults (0/5) D:14         Depths (0/4) D:15
  Sewer (visited)

Altars:
Ashenzari
Cheibriados
Dithmenos
Elyvilon
Fedhas
Gozag
Hepliaklqana
Kikubaaqudgha
Makhleb
Nemelex Xobeh
Okawaru
Qazlal
Ru
Sif Muna
Trog
Uskayaw
Vehumet
Wu Jian
Xom
Yredelemnul
Zin
The Shining One
Beogh
Jiyva

Shops:
D:3 !   D:8 [

Annotations:
D:15 3 runed translucent doors, Ichoitic's ghost, weakling FoDe
Lair:4 Yjeari's ghost, journeyman GrMo


Innate Abilities, Weirdness & Mutations

You have a pair of horns on your head.
You reflexively headbutt those who attack you in melee.


Message History

The quicksilver ooze closely misses you.
The slime creature hits you but does no damage.
You puncture the golden eye!
The golden eye is severely wounded.
You are splashed with acid!
Your lungs strain for air!
The quicksilver ooze hits you.
The quicksilver ooze hits you but does no damage.
Two slime creatures merge to form a large slime creature.
The golden eye blinks!
The quicksilver ooze hits you.
The quicksilver ooze completely misses you.
You bump into the slime covered rock wall.
You are splashed with acid!!
* * * LOW HITPOINT WARNING * * *
x2 Your lungs strain for air!
The golden eye turns its gaze towards you.
The golden eye blinks at you. You resist with almost no effort.
The quicksilver ooze hits you.
The quicksilver ooze hits you but does no damage.
You are too confused!
You are more confused.
You feel invigorated.
You are splashed with acid!
* * * LOW HITPOINT WARNING * * *
x2 Your lungs strain for air!
The quicksilver ooze completely misses you.
The quicksilver ooze hits you but does no damage.
The quicksilver ooze hits you.
* * * LOW HITPOINT WARNING * * *
The quicksilver ooze hits you but does no damage.
A large slime creature splits.
You slip free of the ooze engulfing you.
You are splashed with acid!
* * * LOW HITPOINT WARNING * * *
You gasp with relief as air once again reaches your lungs.
The golden eye blinks at you. You resist with almost no effort.
The golden eye blinks!
Two slime creatures merge to form a large slime creature.
You bump into the slime covered rock wall.
You are splashed with acid!!!
You die...

#. .#. .. ...#
#... ..### ...
....#
.....####.##.....
......#@#..#.....
......JJ..§......
#.#..............
##.............
#.........#.#
##..<.>....#
##..........#
#.......#.....#
##.......#.....


You could see a large slime creature and a quicksilver ooze.

Vanquished Creatures
  Nikola (Swamp:4)
  Rupert (D:15)
  A thorn hunter (Swamp:2)
  3 fenstrider witches
  7 nagarajas
  Aizul (Snake:1)
  Louise (Snake:1)
  3 bunyips
  An ettin (D:15)
  Josephine (Lair:6)
  A shambling mangrove (Swamp:4)
  A fire dragon (Lair:4)
  11 naga warriors
  Harold (D:6)
  23 hydras
  3 salamander tyrants
  A vault guard (D:14)
  5 boulder beetles
  8 death yaks
  4 catoblepae
  A death knight (D:11)
  2 ghost crabs (Swamp:2)
  3 alligators
  A centaur warrior (D:14)
  5 two-headed ogres
  6 anacondas
  A tengu warrior (D:15)
  6 shock serpents
  Nergalle (D:12)
  4 naga sharpshooters
  7 skeletal warriors
  7 salamander mystics
  3 deep trolls (D:15)
  4 goliath frogs
  A fire crab (Lair:3)
  7 spriggan druids
  4 bog bodies
  7 swamp dragons
  A harpy (shapeshifter) (D:13)
  9 naga ritualists
  4 lindwurms
  A wizard (D:15)
  A necromancer (D:15)
  11 ugly things
  An orc knight (Arena)
  14 mana vipers
  5 cyclopes
  A deep elf pyromancer (D:13)
  2 will-o-the-wisps (Swamp:3)
  18 salamanders
  4 manticores
  5 elephants
  10 guardian serpents
  12 naga magi
  31 black mambas
  8 cane toads
  17 rime drakes
  An unseen horror (D:12)
  7 komodo dragons
  A kobold demonologist (D:13)
  An efreet (D:14)
  4 polar bears
  3 trolls
  10 tyrant leeches
  13 hornets
  Grinder (D:3)
  4 blink frogs (Lair:2)
  8 slime creatures
  12 dream sheep (Lair:6)
  2 shadows
  4 wraiths
  23 spriggans
  A golden eye (shapeshifter) (D:13)
  5 golden eyes (Slime:1)
  12 steam dragons
  46 yaks
  3 basilisks
  5 wyverns
  8 vampire mosquitoes
  A redback simulacrum (D:14)
  Menkaure (D:6)
  10 swamp worms
  6 acid dragons
  50 nagas
  3 wargs (D:11)
  Duvessa (D:7)
  23 water moccasins
  8 swamp drakes
  2 sky beasts
  7 black bears
  7 orc warriors
  An ice beast (D:7)
  2 necrophages
  38 wolves
  4 ogres
  4 boggarts (Lair:6)
  6 centaurs
  2 phantoms
  5 kobold brigands
  2 gnoll sergeants
  10 bullfrogs
  4 scorpions
  A water moccasin zombie (D:6)
  Dowan (D:7)
  32 killer bees
  4 wights (D:7)
  A howler monkey (D:14)
  A bullfrog zombie (D:6)
  3 centaur zombies
  4 hounds
  A gnoll shaman (D:5)
  9 orc priests
  2 jellies (D:10)
  Crazy Yiuf (D:7)
  Terence (D:2)
  4 centaur skeletons
  Jessica (D:2)
  4 iguanas
  13 orc wizards
  A hound skeleton (D:4)
  Robin (D:4)
  11 adders
  14 gnolls
  14 white imps
  2 worms
  2 dart slugs (D:1)
  33 orcs
  12 ball pythons
  6 endoplasms
  7 giant cockroaches
  8 hobgoblins
  8 jackals
  4 quokkas
  5 bats
  4 frilled lizards
  15 goblins
  43 kobolds
  10 rats
957 creatures vanquished.

Vanquished Creatures (collateral kills)
  A gnoll sergeant (D:11)
  A gnoll (D:11)
2 creatures vanquished.

Vanquished Creatures (others)
  A boulder beetle (D:14)
  A swamp dragon (Swamp:4)
  A yak (Lair:3)
  A swamp worm (Lair:2)
  A gnoll (D:7)
  An orc (D:7)
  6 foxfires (Swamp:3)
  39 fungi
  44 plants
95 creatures vanquished.

Grand Total: 1054 creatures vanquished

Notes
Turn   | Place    | Note
-------+----------+-------------------------------------------
     0 | D:1      | maxinsky the Minotaur Fighter began the quest for the Orb.
     0 | D:1      | Reached XP level 1. HP: 19/19 MP: 0/0
   316 | D:1      | Reached skill level 3 in Polearms
   392 | D:1      | Reached XP level 2. HP: 26/26 MP: 1/1
   485 | D:1      | Reached skill level 4 in Polearms
   608 | D:1      | Reached XP level 3. HP: 31/31 MP: 2/2
  1161 | D:2      | Noticed Terence
  1182 | D:2      | Killed Terence
  1183 | D:2      | Reached skill level 5 in Polearms
  1352 | D:2      | Reached XP level 4. HP: 36/37 MP: 3/3
  1389 | D:2      | Found a broken altar of Ashenzari.
  1456 | D:2      | Noticed Jessica
  1462 | D:2      | Killed Jessica
  1841 | D:3      | Noticed Grinder
  1964 | D:3      | Reached skill level 5 in Armour
  2007 | D:3      | Found a faded altar of an unknown god.
  2130 | D:3      | Reached skill level 1 in Throwing
  2130 | D:3      | Identified the +4 plate armour "Raps" {rN+}
  2133 | D:3      | Paralysed by Grinder for 2 turns
  2165 | D:3      | Paralysed by Grinder for 2 turns
  2189 | D:3      | Reached XP level 5. HP: 44/45 MP: 4/4
  2232 | D:3      | Found Taja's Distillery.
  2239 | D:3      | Bought a potion of flight for 36 gold pieces
  2239 | D:3      | Bought a potion of heal wounds for 60 gold pieces
  2414 | D:3      | Killed Grinder
  2415 | D:3      | Reached skill level 5 in Shields
  2415 | D:3      | Reached XP level 6. HP: 42/51 MP: 5/5
  3247 | D:4      | Noticed Robin
  3255 | D:4      | Killed Robin
  3284 | D:4      | Reached XP level 7. HP: 55/60 MP: 6/6
  3452 | D:4      | Found a sparkling altar of Nemelex Xobeh.
  3476 | D:4      | Reached skill level 5 in Fighting
  4167 | D:5      | Entered Level 5 of the Dungeon
  4259 | D:5      | Found a staircase to the Ecumenical Temple.
  4518 | D:5      | Found a glowing drain.
  4541 | Sewer    | Entered a sewer
  5180 | D:5      | Found a radiant altar of Vehumet.
  5207 | D:5      | Reached XP level 8. HP: 45/73 MP: 7/7
  5240 | D:5      | Reached skill level 5 in Throwing
  5422 | D:5      | Reached skill level 6 in Polearms
  5523 | D:5      | Reached skill level 7 in Polearms
  5757 | Temple   | Entered the Ecumenical Temple
  5932 | Temple   | Became a worshipper of Warmaster Okawaru
  6039 | D:6      | Reached skill level 8 in Polearms
  6417 | D:6      | Reached * piety under Okawaru
  6418 | D:6      | Reached XP level 9. HP: 72/79 MP: 8/8
  6549 | D:6      | Noticed Menkaure
  6557 | D:6      | Killed Menkaure
  7013 | D:7      | Reached skill level 9 in Polearms
  7025 | D:7      | Noticed Harold
  7093 | D:6      | Killed Harold
  7093 | D:6      | Reached ** piety under Okawaru
  7094 | D:6      | Reached skill level 10 in Polearms
  7560 | D:7      | Found a white marble altar of Elyvilon.
  7560 | D:7      | Found a shadowy altar of Dithmenos.
  7735 | D:7      | Noticed Dowan
  7735 | D:7      | Noticed Duvessa
  7749 | D:7      | Killed Dowan
  7749 | D:7      | Reached *** piety under Okawaru
  7772 | D:7      | Killed Duvessa
  7864 | D:7      | Reached XP level 10. HP: 62/87 MP: 9/9
  8252 | D:7      | Found a runed translucent door.
  8253 | D:7      | Noticed Crazy Yiuf
  8406 | D:7      | Killed Crazy Yiuf
  8935 | D:8      | Found Feass's Armour Shoppe.
  8945 | D:8      | Reached skill level 10 in Fighting
  9573 | D:9      | Noticed a two-headed ogre
  9585 | D:9      | Killed a two-headed ogre
  9585 | D:9      | Reached **** piety under Okawaru
 10148 | D:10     | Entered Level 10 of the Dungeon
 10148 | D:10     | Noticed a two-headed ogre
 10153 | D:10     | Killed a two-headed ogre
 10153 | D:10     | Received a gift from Okawaru
 10225 | D:10     | Noticed a cyclops
 10239 | D:10     | Killed a cyclops
 10435 | D:10     | Reached skill level 11 in Polearms
 10437 | D:10     | Noticed a two-headed ogre
 10446 | D:10     | Killed a two-headed ogre
 10446 | D:10     | Reached ***** piety under Okawaru
 10447 | D:10     | Reached XP level 11. HP: 99/99 MP: 10/10
 10673 | D:10     | Noticed an orc knight
 10675 | Arena    | Entered the Arena
 10697 | Arena    | Killed an orc knight
 10697 | Arena    | Received a gift from Okawaru
 10698 | Arena    | Reached skill level 12 in Polearms
 11502 | D:10     | Found a shimmering altar of Xom.
 11583 | D:10     | Noticed a cyan ugly thing
 11584 | D:10     | Noticed a centaur warrior
 11721 | D:10     | Found a shimmering altar of Xom.
 11934 | D:11     | Found a staircase to the Lair.
 12224 | D:11     | Reached skill level 10 in Throwing
 12231 | D:11     | Received a gift from Okawaru
 12827 | D:11     | Received a gift from Okawaru
 12839 | D:11     | Found a staircase to the Orcish Mines.
 13094 | D:11     | Noticed a two-headed ogre
 13107 | D:11     | Killed a two-headed ogre
 13108 | D:11     | Reached skill level 10 in Armour
 13108 | D:11     | Noticed a death knight
 13128 | D:11     | Killed a death knight
 13128 | D:11     | Received a gift from Okawaru
 13820 | D:11     | You fall into a shaft and drop 2 floors!
 14012 | Lair:1   | Entered Level 1 of the Lair of Beasts
 14105 | Lair:1   | Noticed a four-headed hydra
 14114 | Lair:1   | Killed a four-headed hydra
 14114 | Lair:1   | Received a gift from Okawaru
 14115 | Lair:1   | Reached skill level 10 in Shields
 14115 | Lair:1   | Reached XP level 12. HP: 87/106 MP: 11/11
 14286 | Lair:1   | Received a gift from Okawaru
 14572 | Lair:1   | Reached skill level 1 in Invocations
 15169 | Lair:2   | Noticed a seven-headed hydra
 15178 | Lair:1   | Killed a seven-headed hydra
 15341 | Lair:2   | Noticed a seven-headed hydra
 15346 | Lair:2   | Killed a seven-headed hydra
 15474 | Lair:2   | Reached skill level 5 in Invocations
 15543 | Lair:2   | Noticed a death yak
 15543 | Lair:2   | Noticed a death yak
 15546 | Lair:2   | Noticed a death yak
 15548 | Lair:2   | Noticed a death yak
 15569 | Lair:2   | Killed a death yak
 15608 | Lair:1   | Killed a death yak
 15917 | Lair:1   | Killed a death yak
 15918 | Lair:1   | Reached skill level 13 in Polearms
 15924 | Lair:1   | Killed a death yak
 16153 | Lair:2   | Identified the +4 mace "Zuofux" {elec, rN+}
 16652 | Lair:2   | Found a staircase to the Swamp.
 16687 | Lair:2   | Received a gift from Okawaru
 16697 | Lair:2   | Reached skill level 14 in Polearms
 16703 | Lair:2   | Reached ****** piety under Okawaru
 16981 | Lair:2   | Received a gift from Okawaru
 17759 | Lair:3   | Reached skill level 15 in Polearms
 17773 | Lair:3   | Noticed a catoblepas
 17869 | Lair:2   | Killed a catoblepas
 18095 | Lair:3   | Noticed an eight-headed hydra
 18109 | Lair:3   | Reached XP level 13. HP: 75/114 MP: 15/15
 18472 | Lair:3   | Found a runed translucent door.
 18472 | Lair:3   | Noticed Yjeari's ghost (journeyman GrMo)
 18777 | Lair:3   | Identified the +1 pair of gloves "Luerhekov" {Rampage rF+
                  | rC+ Regen+} (Okawaru gifted it to you on level 3 of the
                  | Lair of Beasts)
 18777 | Lair:3   | Received a gift from Okawaru
 19594 | Lair:4   | Found a staircase to the Snake Pit.
 20290 | Lair:4   | Noticed a fire dragon
 20318 | Lair:4   | Killed a fire dragon
 20318 | Lair:4   | Received a gift from Okawaru
 20698 | Lair:4   | Identified the +1 robe of the Shining Light {-Cast Fly
                  | rN++} (Okawaru gifted it to you on level 4 of the Lair of
                  | Beasts)
 20698 | Lair:4   | Received a gift from Okawaru
 20829 | Lair:4   | Identified the +2 ring mail of Kuviusui {rF- Regen+ Str+5}
 21251 | Lair:5   | Reached XP level 14. HP: 129/129 MP: 16/16
 21622 | Lair:6   | Entered Level 6 of the Lair of Beasts
 21943 | Lair:6   | Found a viscous altar of Jiyva.
 21943 | Lair:6   | Found a staircase to the Slime Pits.
 22338 | Lair:6   | Noticed Josephine
 22505 | Lair:5   | Received a gift from Okawaru
 22578 | Lair:6   | Killed Josephine
 22990 | Lair:6   | Paralysed by a hornet for 3 turns
 24003 | D:12     | Reached skill level 16 in Polearms
 24349 | D:12     | Found a shimmering blue altar of Sif Muna.
 24425 | D:12     | Noticed Nergalle
 24449 | D:12     | Killed Nergalle
 24969 | D:13     | Reached skill level 15 in Armour
 25111 | D:13     | Reached XP level 15. HP: 115/135 MP: 17/17
 25112 | D:13     | Identified the +2 robe of Okawaru {rElec} (Okawaru gifted
                  | it to you on level 13 of the Dungeon)
 25112 | D:13     | Received a gift from Okawaru
 25874 | D:14     | Found an ancient bone altar of Kikubaaqudgha.
 26209 | D:14     | Found a gate to the Vaults.
 26380 | D:14     | Identified the +7 hand crossbow of the Several Visions
                  | {speed, rCorr Str-3 Dex+3}
 26459 | D:15     | Entered Level 15 of the Dungeon
 26711 | D:15     | Reached skill level 15 in Fighting
 26763 | D:15     | Received a gift from Okawaru
 26772 | D:15     | Found a staircase to the Depths.
 26923 | D:15     | Noticed Rupert
 27010 | D:15     | Killed Rupert
 27149 | D:15     | Found a runed translucent gate.
 27149 | D:15     | Identified the +1 robe "Haogec" {rElec rN+}
 27150 | D:15     | Identified the +3 plate armour "Nyamigae" {rPois Int+5
                  | Slay-4}
 27150 | D:15     | Identified the -10 kite shield of Lust {rCorr Dex+4 Stlth-}
 27150 | D:15     | Noticed an orc warlord
 27151 | D:15     | Found a runed translucent gate.
 27153 | D:15     | Found a runed translucent gate.
 27155 | D:15     | Noticed Ichoitic's ghost (weakling FoDe)
 27547 | Swamp:1  | Entered Level 1 of the Swamp
 27566 | Swamp:1  | Identified the +1 ring mail of the Shrike {Rampage rCorr}
                  | (Okawaru gifted it to you on level 1 of the Swamp)
 27566 | Swamp:1  | Received a gift from Okawaru
 27999 | Swamp:2  | Noticed a thorn hunter
 28025 | Swamp:2  | Killed a thorn hunter
 28767 | Swamp:3  | Noticed a fenstrider witch
 28793 | Swamp:3  | Paralysed by a fenstrider witch for 6 turns
 28809 | Swamp:3  | Killed a fenstrider witch
 29244 | Swamp:3  | Reached XP level 16. HP: 127/151 MP: 18/18
 29419 | Swamp:4  | Entered Level 4 of the Swamp
 29425 | Swamp:4  | Paralysed by a fenstrider witch for 2 turns
 29433 | Arena    | Entered the Arena
 29736 | Swamp:3  | Received a gift from Okawaru
 29859 | Swamp:3  | Reached skill level 15 in Throwing
 30170 | Swamp:4  | Noticed Nikola
 30246 | Swamp:4  | Killed Nikola
 30246 | Swamp:4  | Identified the +8 demon trident of Foobbeo {pain, rF+}
                  | (Okawaru gifted it to you on level 4 of the Swamp)
 30246 | Swamp:4  | Received a gift from Okawaru
 30247 | Swamp:4  | Reached skill level 15 in Shields
 30571 | Swamp:4  | Got a decaying rune of Zot
 30840 | Snake:1  | Entered Level 1 of the Snake Pit
 30969 | Snake:1  | Noticed Louise
 30979 | Snake:1  | Killed Louise
 31085 | Snake:1  | Noticed Aizul
 31113 | Snake:1  | Killed Aizul
 31346 | Snake:1  | Received a gift from Okawaru
 31935 | Snake:2  | Received a gift from Okawaru
 32146 | Snake:2  | Reached skill level 17 in Polearms
 32327 | Snake:2  | Received a gift from Okawaru
 32750 | Snake:2  | Reached skill level 18 in Polearms
 32750 | Snake:2  | Reached XP level 17. HP: 158/158 MP: 19/19
 32751 | Snake:2  | Reached skill level 19 in Polearms
 32751 | Snake:2  | Reached XP level 18. HP: 166/166 MP: 20/20
 32752 | Snake:2  | Reached XP level 19. HP: 172/172 MP: 20/23
 32888 | Snake:3  | Reached skill level 1 in Evocations
 33180 | Snake:3  | Reached XP level 20. HP: 170/180 MP: 25/25
 33590 | Snake:3  | Identified the +9 plate armour "Cofen" {rC+} (Okawaru
                  | gifted it to you on level 3 of the Snake Pit)
 33590 | Snake:3  | Received a gift from Okawaru
 33753 | Snake:4  | Entered Level 4 of the Snake Pit
 33842 | Snake:4  | Reached skill level 5 in Evocations
 34589 | Snake:4  | Got a serpentine rune of Zot
 34769 | Snake:4  | Found an iron altar of Okawaru.
 34879 | Snake:4  | Reached skill level 20 in Polearms
 35728 | Slime:1  | Entered Level 1 of the Pits of Slime
 35827 | Slime:1  | HP: 4/180 [acid (17)]
 35828 | Slime:1  | Splashed with acid

Illustrated notes

Levels and vault maps discovered:
D:1:      dpeg_arrival_circle_labyrinth_c, layout_basic,
          minmay_misc_feat_nine_boxes
D:2:      layout_loops_ring, basic_altar, uniq_terence, uniq_jessica
D:3:      layout_rooms, nicolae_ecumenical_lake_church, serial_shops,
          nicolae_shop_crystal, minmay_snake_closets, uniq_grinder
D:4:      layout_gridville, lemuel_round_altar,
          hangedman_abyss_or_decor_lesser_grid, uniq_robin
D:5:      layout_cave_pools, mainiacjoe_overflow_boulevard,
          minmay_temple_entry_fiery, portal_sewer_entry_b
D:6:      layout_cave_pools, minmay_manual_moon, uniq_menkaure
D:7:      layout_cave_pools, gammafunk_temple_overflow_statue, uniq_harold,
          uniq_crazy_yiuf_cottage, uniq_duvessa
D:8:      layout_gridville, serial_shops, shop
D:9:      layout_cave_pools
D:10:     minmay_skewed_foursquare, layout_loops_ring, dk_xom_monty_hall,
          minmay_ruined_shrine
D:11:     layout_stronghold, erik_lair_orcish_takeover, david_orc_4,
          glass_columns_c
D:12:     layout_basic, nicolae_sif_muna_condensation, uniq_nergalle
D:13:     layout_rooms
D:14:     layout_irregular_city, david_vaults_5, kennysheep_pointless_box,
          nicolae_kikubaaqudgha_miasma_corner
D:15:     hangedman_depths_entry_civil_slaughter, layout_small_grid,
          hangedman_decor_points, biasface_ghost_orc_armoury, uniq_rupert
Temple:   minmay_crystal_spiral_temple
Lair:1:   layout_loops_ring, lemuel_old_faithful, lemuel_fruit_tree
Lair:2:   layout_loops_ring, minmay_swamp_entry_worms,
          portal_ice_cave_entry_imps
Lair:3:   wad_woods_minihive, layout_loops_ring,
          lightli_volcano_entry_magma_tube, ebering_ghost_inner_flame,
          minmay_shattered_shrine
Lair:4:   layout_long_grid, minmay_snake_entry_guardpost_small,
          bobbens_dragon_lair_wall
Lair:5:   layout_misc_corridors
Lair:6:   minmay_lair_end_enchanted_forest, layout_long_grid, slime_altar_1,
          grunt_megastairs_4, uniq_josephine
Swamp:1:  nicolae_swamp_ascending_descending_big, layout_falls_marsh,
          evilmike_swamp_ruin_house_5, swamp_pool2
Swamp:2:  layout_basic_swamp, evilmike_swamp_ruin_rubble_1
Swamp:3:  layout_falls_marsh, evilmike_swamp_ruin_house_2
Swamp:4:  swamp_alternative, layout_basic_swamp, swamp_pool1, uniq_nikola
Snake:1:  layout_cave_shapes, uniq_aizul, uniq_louise
Snake:2:  layout_misc_corridors
Snake:3:  layout_basic
Snake:4:  johnstein_snake_rune_scales, layout_onion, basic_altar,
          grunt_megastairs_5, serial_bayou_shore_b
Slime:1:  layout_caves

Skill      XL: |  1  2  3  4  5  6  7  8  9 10 11 12 13 14 15 16 17 18 19 20 |
---------------+-------------------------------------------------------------+-----
Polearms       | 3 4 5 8 10 11 12 15 16 18 19 20 | 20.6
Armour         | 4 5 7 8 11 14 15 16 | 16.0
Throwing       | 1 3 4 5 8 10 12 13 15 | 15.0
Shields        | 5 6 9 10 11 12 14 16 18 | 18.0
Fighting       | 4 7 10 13 16 | 16.0
Invocations    | 5 7 8 |  8.0
Evocations     | 3 5 |  5.0

Action                   |  1- 3 |  4- 6 |  7- 9 | 10-12 | 13-15 | 16-18 | 19-21 || total
-------------------------+-------+-------+-------+-------+-------+-------+-------++-------
Melee: Trident           |    83 |   126 |   211 |       |       |       |       ||   420
       Headbutt          |     7 |    15 |    41 |   152 |   456 |   131 |   122 ||   924
       Spear             |       |       |   112 |   680 |  1889 |   304 |       ||  2985
       Demon trident     |       |       |       |       |       |   259 |   638 ||   897
Throw: Dart              |     3 |     7 |    37 |    32 |    24 |       |       ||   103
       Boomerang         |       |     6 |   136 |   120 |    17 |       |       ||   279
       Javelin           |       |       |       |    53 |    84 |    22 |    25 ||   184
       Throwing net      |       |       |       |       |     2 |       |       ||     2
Invok: Heroism           |       |       |     2 |     5 |     3 |     3 |     3 ||    16
       Duel              |       |       |       |     1 |       |     1 |       ||     2
Evoke: Wand              |     2 |     9 |     2 |     2 |     2 |       |       ||    17
  Use: Scroll            |     2 |     2 |     3 |     8 |    13 |     4 |     1 ||    33
       Potion            |     1 |     1 |     2 |     3 |     3 |     6 |     3 ||    19
Armor: Scale mail        |    18 |       |       |       |       |       |       ||    18
       Chain mail        |       |    45 |       |       |       |       |       ||    45
       Plate armour      |       |    24 |   170 |   268 |   754 |   284 |   267 ||  1767
Dodge: Dodged            |    25 |    36 |    81 |   122 |   296 |   100 |    72 ||   732
Block: Buckler           |     8 |    20 |    64 |   115 |   294 |       |       ||   501
       Kite shield       |       |       |       |       |    59 |   259 |       ||   318
       Tower shield      |       |       |       |       |       |    46 |   498 ||   544
